 Dungeon Crawl Stone Soup version 0.18-a0-1805-g8ab820f (webtiles) character file.

14 ololoev the Digger (level 2, 15/15 HPs)
             Began as a Gargoyle Earth Elementalist on Apr 26, 2016.
             Was an Initiate of Ru.
             Quit the game on level 2 of the Dungeon.
             The game lasted 00:02:02 (725 turns).

ololoev the Digger (Gargoyle Earth Elementalist)     Turns: 725, Time: 00:02:03

Health: 15/15      AC:  4    Str: 11    XL:     2   Next: 41%
Magic:  5/5        EV: 12    Int: 15    God:    Ru [......]
Gold:   43         SH:  0    Dex: 10    Spells: 2 memorised, 2 levels left

rFire  . . .     SeeInvis .     a - +0 short sword
rCold  . . .     Gourm    .     e - +0 robe
rNeg   + . .     Faith    .     (no shield)
rPois  ∞         Spirit   .     (no helmet)
rElec  +         Dismiss  .     (no cloak)
rCorr  .         Reflect  .     (no gloves)
SustAt .         Harm     .     (no boots)
MR     .....                    (no amulet)
Stlth  ++........               (no ring)
                                (no ring)

@: not resistant to hostile enchantments, unstealthy
A: negative energy resistance 1, electricity resistance, unbreathing,
petrification resistance, rot immunity, AC +2
a: Renounce Religion


Innate Abilities, Weirdness & Mutations

You are resistant to torment.
Your stone body is resilient (AC +2).
You are immune to poison.
You resist negative energy.
You are resistant to electric shocks.
You can survive without breathing.
You are immune to petrification.
You are immune to rotting.

Inventory:

Hand Weapons
 a - a +0 short sword (weapon)
Missiles
 b - 66 stones (quivered)
Armour
 e - a +0 robe (worn)
Scrolls
 f - 2 scrolls of identify {unknown}
 g - 2 scrolls of enchant armour {unknown}
 j - a scroll of remove curse {unknown}
 k - a scroll of noise {unknown}
Potions
 h - a potion of brilliance {unknown}
 i - a potion of might
 l - a potion of curing {unknown}
Books
 c - a book of Geomancy

   Spells                             Type                      Level
   a - Sandblast                      Earth                        1
   b - Passwall                       Transmutation/Earth          2
   c - Stone Arrow                    Conjuration/Earth            3
   d - Petrify                        Transmutation/Earth          4
   e - Lee's Rapid Deconstruction     Earth                        5
Comestibles
 d - 2 bread rations


   Skills:
 - Level 1.5 Dodging
 - Level 2.1 Stealth
 * Level 2.3 Spellcasting
 - Level 0.7 Transmutations
 * Level 4.1 Earth Magic


You had 2 spell levels left.
You knew the following spells:

 Your Spells              Type           Power        Failure   Level  Hunger
a - Sandblast             Erth           ##....       4%          1    #......
w - Passwall              Trmt/Erth      #.........   12%         2    ###....


You were on level 2 of the Dungeon.
You worshipped Ru.
Ru was noncommittal.
You were not hungry.

You visited 1 branch of the dungeon, and saw 2 of its levels.

You collected 43 gold pieces.

#######.#####.##.#
#................#
...##..#########..#
#.###########.###
####.....#.....#.... ..
#..............)###. .J
#..........)........
#.##..#.........).####.
#...)#@#..........####.
###...#...........##...
##..............##...
##................._
.....>..........#...
#..##.....#......#...
##. #...#######..###.
.. ..... #...... ...
.....# ....

Notes
Turn   | Place    | Note
--------------------------------------------------------------
     0 | D:1      | ololoev the Gargoyle Earth Elementalist began the quest for the Orb.
     0 | D:1      | Reached XP level 1. HP: 10/10 MP: 3/3
   364 | D:1      | Reached skill level 4 in Earth Magic
   364 | D:1      | Reached XP level 2. HP: 13/15 MP: 5/5
   412 | D:1      | Learned a level 2 spell: Passwall
   472 | D:2      | Found a shimmering altar of Xom.
   712 | D:2      | Found a faded altar to an unknown god.
   725 | D:2      | Became a worshipper of Ru the Awakened
   725 | D:2      | Quit the game

Dungeon Overview and Level Annotations

Branches:
Dungeon (2/15)

Altars:
Ru
Xom


Message History

Found a robe.
A hobgoblin comes into view.
A bat comes into view.
The bat hits you but does no damage. The bat barely misses you.
You hit the bat but do no damage. The bat barely misses you.
You barely miss the bat. The bat hits you but does no damage.
You barely miss the bat. The bat barely misses you.
You closely miss the bat. The bat hits you.
The hobgoblin shouts!
The bat hits you. The bat hits you.
You barely miss the bat. The bat misses you.
You hit the hobgoblin.
The hobgoblin is severely wounded.
The bat barely misses you. The hobgoblin closely misses you.
You hit the hobgoblin but do no damage.
The hobgoblin is severely wounded.
The bat hits you but does no damage. The hobgoblin closely misses you.
You hit the hobgoblin but do no damage.
The hobgoblin is severely wounded.
The hobgoblin hits you but does no damage.
The bat closely misses you.
You barely miss the hobgoblin.
The hobgoblin is severely wounded.
The bat hits you but does no damage. The hobgoblin hits you.
You are too injured to fight recklessly!
You are too injured to fight recklessly!
You are too injured to fight recklessly!
You are too injured to fight recklessly!
You are too injured to fight recklessly!
You are too injured to fight recklessly!
You are too injured to fight recklessly!
You are too injured to fight recklessly!
You are too injured to fight recklessly!
You are too injured to fight recklessly!
You are too injured to fight recklessly!
You are too injured to fight recklessly!
You are too injured to fight recklessly!
You are too injured to fight recklessly!
You are too injured to fight recklessly!
You are too injured to fight recklessly!
You are too injured to fight recklessly!
You are too injured to fight recklessly!
You are too injured to fight recklessly!
The bat hits you but does no damage. The bat closely misses you.
The hobgoblin hits you. The bat barely misses you.
You hit the bat.
You kill the bat!
You hit the hobgoblin.
You kill the hobgoblin!
You start resting.
HP restored.
Found a spear.
Found a faded altar to an unknown god.
An ooze comes into view.
You see here a spear.
No target in view!
No target in view!
No target in view!
No target in view!
No target in view!
No target in view!
No target in view!
No target in view!
No target in view!
No target in view!
No target in view!
No target in view!
No target in view!
No target in view!
No target in view!
No target in view!
No target in view!
No target in view!
There is a faded altar to an unknown god here.
This altar will convert you to a god.
You cannot discern which.
Do you pray? Ru accepts your prayer! Ru welcomes you!
Are you sure you want to abandon this character and quit the game? (Confirm with "yes".)

There were no monsters in sight!

Vanquished Creatures
  A giant gecko (D:1)
  A goblin (D:1)
  4 hobgoblins
  3 bats
  A giant newt (D:1)
  A kobold (D:2)
  2 rats (D:1)
13 creatures vanquished.

Action                   || total
-------------------------++-------
Melee: Short sword       ||    34
 Cast: Sandblast         ||     3
 Stab: Sleeping          ||     4
Armor: Robe              ||     9
Dodge: Dodged            ||    21

Vault maps used:
D:1:      lightli_arrival_farm, minmay_tree_intersection
D:2:      nicolae_overflow_crystal_walls, tgw_trog, ecumenical_altar_1,
          uniq_sigmund
